 Dungeon Crawl Stone Soup version 0.29-a0-330-g52719c12eb (webtiles) character file.

Game seed: 7990599259329141805

54 kae the Firebug (level 3, -8/22 HPs)
             Began as an Octopode Fire Elementalist on Apr 18, 2022.
             Mangled by a gnoll
             ... wielding a +2 vampiric whip
              (9 damage)
             ... on level 1 of the Dungeon.
             The game lasted 00:01:19 (2078 turns).

kae the Firebug (Octopode Fire Elementalist)        Turns: 2078, Time: 00:01:20

Health: -8/22      AC:  1    Str:  7    XL:     3   Next: 91%
Magic:  3/6        EV: 13    Int: 19    God:
Gold:   58         SH:  0    Dex: 12    Spells: 5/6 levels left

rFire   . . .      SeeInvis .   g - +0 dagger
rCold   . . .      Faith    .   (no shield)
rNeg    . . .      Spirit   .   (helmet restricted)
rPois   .          Reflect  .   (no amulet)
rElec   .          Harm     .   (no ring)
rCorr   .          Rampage  .   (no ring)
Will    .....                   (no ring)
Stlth   +++.......              (no ring)
HPRegen 0.07/turn               (no ring)
MPRegen 0.10/turn               (no ring)
                                (no ring)
                                (no ring)

@: no status effects
A: almost no armour, amphibious, 8 rings, camouflage 1, gelatinous body 1,
(nimble swimmer 1), tentacles
a: no special abilities


You were on level 1 of the Dungeon.
You visited 1 branch of the dungeon, and saw 2 of its levels.

You collected 58 gold pieces.

Inventory:

Hand Weapons
 g - a +0 dagger (weapon)
Potions
 a - a potion of magic
 b - a potion of haste
 c - a potion of curing {unknown}
 d - a potion of attraction


   Skills:
 + Level 0.6 Fighting
 + Level 2.3 Dodging
 + Level 3.3 Stealth
 + Level 2.3 Spellcasting
 + Level 1.5 Conjurations
 * Level 3.6 Fire Magic


You had 5 spell levels left.
You knew the following spells:

 Your Spells              Type           Power      Damage    Failure   Level
a - Foxfire               Conj/Fire      48%        2x1d6     5%          1

Your spell library contained the following spells:

 Spells                   Type           Power      Damage    Failure   Level
 Scorch                   Fire           30%        2d7       5%          2
 Magic Dart               Conj           32%        1d4       9%          1
 Conjure Flame            Conj/Fire      12%        6-21      17%         3
 Call Imp                 Summ           2%         N/A       24%         2
 Inner Flame              Hex/Fire       9%         N/A       24%         3
 Mephitic Cloud           Conj/Pois/Air  4%         N/A       36%         3
 Flame Wave               Conj/Fire      12%        2d6       50%         4


Dungeon Overview and Level Annotations

Branches:
Dungeon (2/15)

Altars:


Innate Abilities, Weirdness & Mutations

You cannot wear most types of armour.
You are amphibious.
You can wear up to eight rings at the same time.
Your skin changes colour to match your surroundings (Stealth+).
Your rubbery body absorbs attacks. (AC +1, EV +1)
((You are camouflaged when in or above water. (Stealth+)))
You have tentacles for arms and can constrict up to eight enemies at once.


Message History

Done exploring.
Done exploring.
You climb downwards.
The gnoll closely misses you.
There is a stone staircase leading up here.
The gnoll barely misses you.
You climb upwards.
There is a stone staircase leading down here.
Casting: Foxfire (safe; 5% risk of failure)
Confirm with . or Enter, or press ? or * to list all spells.
You don't know that spell.
Casting: Foxfire (safe; 5% risk of failure)
Confirm with . or Enter, or press ? or * to list all spells.
You conjure some foxfire!
The gnoll closely misses you.
The foxfire hits the gnoll.
The gnoll is moderately wounded.
The foxfire hits the gnoll.
The gnoll is heavily wounded.
The gnoll hits you with a +2 vampiric whip!
The gnoll draws strength from your wounds!
Casting: Foxfire (safe; 5% risk of failure)
Confirm with . or Enter, or press ? or * to list all spells.
You conjure some foxfire!
The gnoll barely misses you.
The foxfire hits the gnoll.
The gnoll is severely wounded.
The foxfire hits the gnoll.
The gnoll is almost dead.
The gnoll hits you with a +2 vampiric whip.
The gnoll draws strength from your wounds!
Casting: Foxfire (safe; 5% risk of failure)
Confirm with . or Enter, or press ? or * to list all spells.
You conjure some foxfire!
The gnoll hits you with a +2 vampiric whip!
* * * LOW HITPOINT WARNING * * *
The gnoll draws strength from your wounds!
The foxfire hits the gnoll.
The gnoll is moderately wounded.
The foxfire hits the gnoll.
The gnoll is heavily wounded.
The gnoll hits you with a +2 vampiric whip!
You die...

...# #..........#....# #.#
...##########..#.##.#....####.#
.............#.#.#...^....#.#.###
..##########.#.#.#..#.....#......
...........#.#.#.#..#####........
#.########.#.#.#....#####.#.#.###
..# #.#.#.).#........#.#.# #.#
#.#.##ยงยง#..#####.#.#.# #######
#.#.##.@#............# ###..#
#.#.###g#..########..# ##....##
#.#.###'#............#
.......###.#.#.......######...#
<......##....#................#
..##....#....#........####....#
#####...#....#................###
# ###...#....#.........##........
###...###....###+##+........#####


You could see a gnoll.

Vanquished Creatures
  A gnoll (D:2)
  A worm (D:2)
  A dart slug (D:1)
  3 ball pythons
  4 endoplasms
  3 giant cockroaches
  5 goblins
  4 hobgoblins (D:1)
  2 kobolds
  3 quokkas
  2 bats (D:1)
  4 frilled lizards
  3 rats (D:1)
36 creatures vanquished.

Vanquished Creatures (others)
  130 foxfires
  3 fungi (D:2)
  5 toadstools (D:2)
138 creatures vanquished.

Grand Total: 174 creatures vanquished

Notes
Turn   | Place    | Note
-------+----------+-------------------------------------------
     0 | D:1      | kae the Octopode Fire Elementalist began the quest for the
                  | Orb.
     0 | D:1      | Reached XP level 1. HP: 11/11 MP: 3/3
   235 | D:1      | Reached XP level 2. HP: 17/17 MP: 3/5
  1296 | D:1      | Reached XP level 3. HP: 22/22 MP: 4/6
  2077 | D:1      | HP: 1/22 [gnoll/+2 vampiric whip (9)]
  2078 | D:1      | Mangled by a gnoll

Illustrated notes

Levels and vault maps discovered:
D:1:      dpeg_arrival_round_c, layout_basic, serial_curves, eino_curves_04,
          eino_curves_04, minmay_misc_feat_more_columns,
          minmay_misc_feat_enclosed
D:2:      layout_rooms, ebering_ecumenical_altar_rust, chequers_mini_garden,
          minmay_gold_behind_fungi, st_stairs_12, minmay_joined_circles

Skill      XL: |  1  2 |
---------------+-------+-----
Stealth        | 3 |  3.3
Fighting       | |  0.6
Dodging        | |  2.3
Spellcasting   | |  2.3
Conjurations   | |  1.5
Fire Magic     | |  3.6

Action                   || total
-------------------------++-------
Melee: Unarmed           ||    10
       Constrict         ||     4
       Tentacles         ||     1
 Cast: Foxfire           ||    76
  Use: Scroll            ||     7
 Stab: Sleeping          ||     1
Armor: Skin              ||     2
Dodge: Dodged            ||    20

Table legend: (Time is in decaauts)
 A = Elapsed time spent in this place.
 B = Non-inter-level travel time spent in this place.
 C = Inter-level travel time spent in this place.
 D = Time resting spent in this place.
 E = Time spent auto-exploring this place.
 F = Levels seen in this place.
 G = Mean time per level.
                   A        B        C        D        E       F      G
               +--------+--------+--------+--------+--------+-----+--------+
         Total |   2080 |   2009 |     71 |      0 |   1736 |   2 | 1040.0 |
       Dungeon |   2080 |   2009 |     71 |      0 |   1736 |   2 | 1040.0 |
               +--------+--------+--------+--------+--------+-----+--------+

Top non-repeatable levels by time:
     D:1: 1855 daAuts
     D:2: 225 daAuts
